AoeStats
← IGBBMN

Arena

510701285Analyzed
4v4 RM · 23h ago on Oct 2, 2026· 35m 5s· 8 players
Game mode
Random Map
Map size
Large (8 player)
Population
200
Speed
Normal
Resources
Standard
Victory
Conquest
Starting age
Dark Age
Ending age
Imperial Age
RankedLock teamsTeams togetherTeam positionsShared explorationLock speedFull tech treeHidden civsTurbo modeCheats
Victory
Defeat
🇨🇳 Shu · China
1271
+14
🇨🇳 Franks · China
1215
+16
🇨🇳 Malay · China
1202
+17
🇨🇳 Saxons · China
1190
+17
🇮🇳 Berbers · India
1286
-18
🇨🇳 Cumans · China
1285
-18
🇦🇷 Khmer · Argentina
1167
-14
🇨🇳 Slavs · China
1158
-14
TearsOfDisdain8
8:55 Feudal Age
8:33 Double-Bit Axe
8:34 Horse Collar
12:18 Wheelbarrow
16:04 Castle Age
15:59 Bow Saw
16:00 Heavy Plow
21:45 Pikeman
23:19 Squires
26:44 Hand Cart
26:14 Loom
30:20 Imperial Age
27:27 Crossbowman
27:59 Fletching
28:31 Ballistics
28:50 Thumb Ring
28:42 Bodkin Arrow
28:48 Padded Archer Armor
29:46 Forging
29:52 Forging
29:48 Scale Barding Armor
30:05 Bracer
31:10 Chemistry
29:32 Capped Ram
31:39 Crop Rotation
30:59 Gold Mining
31:00 Stone Mining
31:40 Leather Archer Armor
32:00 Iron Casting
31:11 Arbalester
32:51 Conscription
34:26 Blast Furnace
33:57 Ring Archer Armor
34:43 Guilds
33:54 Halberdier
35:28 Siege Engineers
35:32 Husbandry
34:53 Light Cavalry
Yakamoon
10:55 Feudal Age
12:08 Double-Bit Axe
14:57 Castle Age
13:12 Double-Bit Axe
16:11 Bow Saw
19:43 Wheelbarrow
19:43 Gold Mining
21:36 Hand Cart
22:14 Gold Shaft Mining
27:07 Imperial Age
24:52 Forging
25:32 Arson
25:47 Squires
26:26 Iron Casting
25:51 Scale Mail Armor
27:25 Elite Throwing Axeman
28:27 Conscription
29:18 Blast Furnace
28:08 Loom
28:40 Stone Mining
29:54 Chain Mail Armor
31:15 Chemistry
29:57 Treadmill Crane
35:05 Plate Mail Armor
34:35 Padded Archer Armor
35:48 Siege Engineers
Cat direction
10:16 Feudal Age
11:18 Double-Bit Axe
14:05 Castle Age
12:05 Horse Collar
15:12 Bow Saw
23:12 Heavy Plow
23:22 Gold Mining
24:51 Wheelbarrow
24:07 Stone Mining
25:23 Gold Shaft Mining
25:48 Loom
29:10 Imperial Age
27:09 Hand Cart
27:26 Squires
27:12 Gambesons
27:13 Arson
27:30 Town Watch
27:47 Scale Mail Armor
27:57 Forging
29:19 Chain Mail Armor
29:39 Iron Casting
29:13 Capped Ram
29:15 Elite Varangian Guard
30:19 Conscription
29:25 Capped Ram
29:28 Shield Wall
30:25 Siege Ram
32:49 Plate Mail Armor
33:07 Crop Rotation
33:39 Two-Man Saw
32:12 Pikeman
33:06 Halberdier
35:35 Fletching
Yuno Scrya
10:25 Feudal Age
14:02 Castle Age
12:20 Double-Bit Axe
13:00 Loom
12:59 Horse Collar
25:21 Scale Mail Armor
26:44 Gold Mining
35:08 Imperial Age
33:29 Forging
34:21 Chain Mail Armor
YOU B4STARD!
10:56 Feudal Age
14:47 Castle Age
13:03 Double-Bit Axe
14:17 Horse Collar
18:33 Bow Saw
23:35 Heavy Plow
25:28 Stone Mining
25:31 Gold Mining
28:26 Wheelbarrow
27:37 Loom
30:10 Gold Shaft Mining
29:44 Scale Barding Armor
29:49 Forging
32:22 Imperial Age
30:36 Gold Shaft Mining
30:29 Hand Cart
31:02 Detinets
31:13 Scale Barding Armor
31:19 Forging
31:16 Husbandry
31:26 Bloodlines
32:26 Chain Barding Armor
IGBBMN
9:37 Loom
11:52 Feudal Age
17:00 Castle Age
20:19 Double-Bit Axe
20:18 Horse Collar
26:27 Town Watch
28:47 Bow Saw
29:59 Ballistics
33:09 Imperial Age
Øa10ŚūnyaØx
11:19 Feudal Age
16:13 Castle Age
14:17 Double-Bit Axe
15:00 Horse Collar
15:15 Stone Mining
15:19 Gold Mining
16:15 Scale Barding Armor
22:48 Wheelbarrow
26:22 Stone Mining
29:29 Loom
32:42 Imperial Age
30:30 Hand Cart
31:52 Bloodlines
31:43 Husbandry
33:16 Bloodlines
33:45 Gold Shaft Mining
33:35 Chain Barding Armor
33:26 Forging
33:07 Fletching
32:48 Cavalier
33:05 Onager
33:32 Onager
纯属意外666
10:22 Feudal Age
19:10 Castle Age
19:08 Loom
20:20 Loom
20:25 Fletching
21:36 Bodkin Arrow
24:53 Double-Bit Axe
26:04 Padded Archer Armor
26:21 Horse Collar
28:44 Gold Mining
28:44 Stone Mining
32:43 Imperial Age
31:50 Wheelbarrow
31:34 Leather Archer Armor
34:24 Ballistics
34:22 Hand Cart
36:23 Chemistry
Connection lost

Rejoining the realm…

Still unreachable

The connection could not be restored.

Session expired

The server has moved on; the page needs a fresh start.